 Dungeon Crawl Stone Soup version 0.28.0 (webtiles) character file.

Game seed: 5385508022793706922

218 Crownlay the Shield-Bearer (level 5, 0/48 HPs)
             Began as a Minotaur Fighter on Feb 11, 2022.
             Slain by a gnoll (5 damage)
             ... on level 6 of the Dungeon.
             The game lasted 00:03:31 (2365 turns).

Crownlay the Shield-Bearer (Minotaur Fighter)       Turns: 2365, Time: 00:03:31

Health: 0/48       AC:  7    Str: 21    XL:     5   Next: 63%
Magic:  4/4        EV:  9    Int:  5    God:
Gold:   106        SH:  5    Dex: 11    Spells: 4/4 levels left

rFire   . . .      SeeInvis .   a - +0 trident
rCold   . . .      Faith    .   c - +0 buckler
rNeg    . . .      Spirit   .   b - +0 scale mail
rPois   .          Reflect  .   g - +1 hat
rElec   .          Harm     .   (no cloak)
rCorr   .          Rampage  .   (no gloves)
Will    .....                   (no boots)
Stlth   ..........              (no amulet)
HPRegen 0.16/turn               (no ring)
MPRegen 0.09/turn               (no ring)

@: invisible
A: horns 2, retaliatory headbutt
a: no special abilities


You were on level 6 of the Dungeon.
You visited 1 branch of the dungeon, and saw 4 of its levels.

You collected 106 gold pieces.

Inventory:

Hand Weapons
 a - a +0 trident (weapon)
Missiles
 e - 3 atropa-tipped darts (quivered)
Armour
 b - a +0 scale mail (worn)
 c - a +0 buckler (worn)
 g - a +1 hat (worn)
Scrolls
 h - a scroll of immolation {unknown}
 i - a scroll of acquirement {unknown}
Potions
 d - a potion of might


   Skills:
 + Level 5.3 Fighting
 + Level 4.5 Polearms
 - Level 3.6 Armour
 + Level 5.3 Shields


You had 4 spell levels left.
You didn't know any spells.
Your spell library contained the following spells:

 Spells                   Type           Power      Damage    Failure   Level
 Sandblast                Erth           0%         2d4       88%         1
 Passwall                 Tmut/Erth      0%         N/A       95%         2
 Stone Arrow              Conj/Erth      0%         3d7       99%         3


Dungeon Overview and Level Annotations

Branches:
Dungeon (3/15)

Altars:
Fedhas
Okawaru

Shops:
D:2 (


Innate Abilities, Weirdness & Mutations

You have a pair of horns on your head.
You reflexively headbutt those who attack you in melee.


Message History

The gnoll hits you from afar with a +0 spear.
You barely miss the gnoll.
The gnoll hits you but does no damage. x2
The gnoll completely misses you.
You hit the gnoll.
The gnoll is heavily wounded.
The gnoll hits you with a +0 flail. The gnoll closely misses you.
The gnoll hits you from afar with a +0 spear.
You block the gnoll's attack. The gnoll hits you with a +0 flail!
You hit the gnoll.
The gnoll is heavily wounded.
The gnoll closely misses you. The gnoll barely misses you.
You block the gnoll's attack. The gnoll closely misses you.
You block the gnoll's attack.
You hit the gnoll.
The gnoll is severely wounded.
The gnoll hits you from afar with a +0 spear!
The gnoll hits you but does no damage. You block the gnoll's attack. x2
The gnoll hits you from afar with a +0 spear.
You block the gnoll's attack.
You are too injured to fight recklessly!
You are too injured to fight recklessly!
You are too injured to fight recklessly!
You barely miss the gnoll.
The gnoll is severely wounded.
The gnoll hits you with a +0 flail.
The gnoll hits you from afar with a +0 spear.
You block the gnoll's attack.
The gnoll hits you from afar with a +0 spear.
* * * LOW HITPOINT WARNING * * *
You puncture the gnoll!
You kill the gnoll!
The gnoll hits you from afar with a +0 spear.
* * * LOW HITPOINT WARNING * * *
The gnoll closely misses you. You block the gnoll's attack.
The gnoll hits you but does no damage.
Okay, then.
It was a potion of invisibility.
You fade into invisibility!
The gnoll hits you from afar with a +0 spear.
You die...

#....# #....##
###.....## ..##
#........## ...##
........[..##
##....#
.....####...##
##.....## ....#
##.gg### ##.......#
...#
###g..###........###
..#
###@.............##
.# ###.............#
###...........#
###......[..#
##......[.#
######...# ##..#
##)# #)#


You could see 3 gnolls.

Vanquished Creatures
  A scorpion (D:2)
  8 gnolls
  3 adders (D:2)
  A dart slug (D:1)
  5 orcs (D:2)
  4 endoplasms (D:1)
  6 goblins
  2 hobgoblins
  4 kobolds
  4 quokkas (D:2)
  6 ball pythons
  3 bats
  4 frilled lizards
  A rat (D:2)
52 creatures vanquished.

Vanquished Creatures (others)
  2 plants (D:2)
2 creatures vanquished.

Grand Total: 54 creatures vanquished

Notes
Turn   | Place    | Note
-------+----------+-------------------------------------------
     0 | D:1      | Crownlay the Minotaur Fighter began the quest for the Orb.
     0 | D:1      | Reached XP level 1. HP: 19/19 MP: 0/0
   171 | D:1      | Reached XP level 2. HP: 27/27 MP: 1/1
  1007 | D:2      | Reached XP level 3. HP: 29/33 MP: 2/2
  1040 | D:2      | Noticed a scorpion
  1057 | D:2      | Killed a scorpion
  1058 | D:2      | Reached XP level 4. HP: 14/41 MP: 3/3
  1508 | D:2      | Reached skill level 5 in Shields
  1653 | D:2      | Reached XP level 5. HP: 47/47 MP: 4/4
  1692 | D:2      | Found Rijo's Weapon Boutique.
  1718 | D:2      | Reached skill level 5 in Fighting
  2215 | D:3      | Found an iron altar of Okawaru.
  2216 | D:3      | Found a blossoming altar of Fedhas.
  2235 | D:3      | You fall into a shaft and drop 3 floors!
  2365 | D:6      | Slain by a gnoll

Illustrated notes

Levels and vault maps discovered:
D:1:      dpeg_arrival_pits, layout_basic
D:2:      layout_loops_ring, serial_shops, shop, nicolae_grassy_gnolls
D:3:      layout_rooms, nicolae_overflow_hidden_temple,
          hellmonk_ecumenical_altar_watching_god, uniq_natasha, uniq_sigmund
D:6:      layout_layer_cave

Skill      XL: |  1  2  3  4  5 |
---------------+----------------+-----
Shields        | 4 5 |  5.3
Fighting       | 4 5 |  5.3
Polearms       | 3 4 |  4.5
Armour         | |  3.6

Action                   |  1- 3 |  4- 6 || total
-------------------------+-------+-------++-------
Melee: Trident           |    58 |    71 ||   129
       Headbutt          |     6 |     3 ||     9
  Use: Potion            |       |     1 ||     1
Armor: Scale mail        |    14 |    15 ||    29
Dodge: Dodged            |    14 |    21 ||    35
Block: Buckler           |     6 |    17 ||    23
